 Dungeon Crawl Stone Soup version 0.28-a0-1616-g050a50673c (webtiles) character file.

Game seed: 10529761562639503045

957 a3don the Conjurer (level 7, -10/40 HPs)
             Began as a Deep Elf Conjurer on Jan 22, 2022.
             Was a Follower of Vehumet.
             Mangled by a two-headed ogre (18 damage)
             ... on level 5 of the Dungeon.
             The game lasted 00:18:06 (6455 turns).

a3don the Conjurer (Deep Elf Conjurer)              Turns: 6455, Time: 00:18:10

Health: -10/40     AC:  2    Str:  4    XL:     7   Next: 91%
Magic:  16/26      EV: 13    Int: 25    God:    Vehumet [*.....]
Gold:   174        SH:  0    Dex: 13    Spells: 9/17 levels left

rFire   . . .      SeeInvis .   b - +0 hunting sling
rCold   . . .      Faith    .   (no shield)
rNeg    . . .      Spirit   .   e - +0 robe
rPois   .          Reflect  .   (no helmet)
rElec   .          Harm     .   c - scarf {repulsion}
rCorr   .          Rampage  .   (no gloves)
Will    .....                   (no boots)
Stlth   ++........              (no amulet)
HPRegen 0.13/turn               m - ring of magical power
MPRegen 0.20/turn               (no ring)

@: repel missiles
A: no striking features
a: Renounce Religion


You were on level 5 of the Dungeon.
You worshipped Vehumet.
Vehumet was aware of your devotion.
You visited 1 branch of the dungeon, and saw 5 of its levels.

You collected 174 gold pieces.

Inventory:

Hand Weapons
 a - a +2 vampiric whip
 b - a +0 hunting sling (weapon)
 o - a +0 short sword
 r - a +1 whip of pain
 s - a +0 demon trident of electrocution
 t - a +0 war axe
 v - a +0 shortbow
Missiles
 d - 138 stones (quivered ammo)
 u - 3 boomerangs
 w - 23 arrows
Armour
 c - a scarf of repulsion (worn)
 e - a +0 robe (worn)
 l - a +3 scale mail of fire resistance
Jewellery
 m - a ring of magical power (left hand)
Wands
 j - a wand of paralysis (10)
Scrolls
 f - a scroll of brand weapon {unknown}
 h - a scroll of fog {unknown}
 k - 2 scrolls of identify {unknown}
 n - a scroll of summoning {unknown}
 p - a scroll of immolation {unknown}
 y - a scroll of vulnerability {unknown}
 z - a scroll of amnesia {unknown}
 B - a scroll of teleportation {unknown}
Potions
 g - 4 potions of curing {unknown}
 i - 2 potions of flight {unknown}
 q - 2 potions of attraction {unknown}
 x - 2 potions of heal wounds
 A - a potion of mutation {unknown}


   Skills:
 + Level 2.0 Fighting
 + Level 2.4 Slings
 + Level 1.2 Bows
 + Level 4.6 Dodging
 - Level 4.0 Stealth
 + Level 5.5 Spellcasting
 + Level 6.5 Conjurations
 + Level 2.5 Translocations
 * Level 2.0 Earth Magic


You had 9 spell levels left.
You knew the following spells:

 Your Spells              Type           Power      Damage    Failure   Level
a - Magic Dart            Conj           100%       1d8       1%          1
b - Iskenderun's Mystic   Conj/Tloc      29%        2d7       12%         4
c - Searing Ray           Conj           78%        2d7       1%          2
d - Sandblast             Erth           34%        2d9       3%          1

Your spell library contained the following spells:

 Spells                   Type           Power      Damage    Failure   Level
 Dazzling Flash           Conj/Hex       46%        N/A       6%          3
 Gell's Gravitas          Tloc           19%        N/A       9%          3
 Lesser Beckoning         Tloc           19%        N/A       9%          3
 Teleport Other           Tloc           19%        N/A       9%          3
 Fulminant Prism          Conj/Hex       11%        3d9       21%         4
 Chain Lightning          Conj/Air       11%        3d15      100%        9
 Fire Storm               Conj/Fire      11%        8d3       100%        9
 Shatter                  Erth           8%         3d10*     100%        9


Dungeon Overview and Level Annotations

Branches:
Dungeon (5/15)             Temple (0/1) D:4

Altars:
Vehumet


Message History

The sky beast is almost dead.
You finish channelling your searing ray.
A two-headed ogre comes into view.
It is wielding a +0 giant spiked club and a +0 giant club.
The sky beast closely misses you.
Casting: Searing Ray (safe; 1% risk of failure)
Confirm with . or Enter, or press ? or * to list all spells.
Aiming: Magic Dart (safe; 1% risk of failure)
Press: ? - help, Shift-Dir - straight line, f/p - sky beast
Aim: a sky beast (almost dead, 100% to hit)
The magic dart hits the sky beast.
You kill the sky beast!
Vehumet accepts your kill.
The two-headed ogre shouts in stereo!
Your Fighting skill increases to level 2!
Your Bows skill increases to level 1!
Your Earth Magic skill increases to level 2!
An orc comes into view. It is wielding a +0 club.
The adder misses you.
Casting: Magic Dart (safe; 1% risk of failure)
Confirm with . or Enter, or press ? or * to list all spells.
The spell is quite dangerous to miscast (12% risk of failure)!
Continue anyway?
You erupt in a blast of force!
The mystic blast hits the adder.
The adder is heavily wounded.
The adder is knocked back by the mystic blast.
The mystic blast hits the two-headed ogre.
The two-headed ogre is lightly wounded.
The two-headed ogre hits you with a +0 giant spiked club!!
Ouch! That really hurt!
The two-headed ogre hits you with a +0 giant club!
* * * LOW HITPOINT WARNING * * *
Casting: Iskenderun's Mystic Blast (quite dangerous; 12% risk of failure)
Confirm with . or Enter, or press ? or * to list all spells.
The spell is quite dangerous to miscast (12% risk of failure)!
Continue anyway?
You erupt in a blast of force!
The mystic blast hits the adder!
You kill the adder!
Vehumet accepts your kill.
The mystic blast hits the two-headed ogre.
The two-headed ogre is lightly wounded.
The two-headed ogre hits you with a +0 giant spiked club!!
You die...

#.# #.# #.# #.# #.#
#†#
#.###.############
#.....†..........##
#####.#.........@.#
#.#.###.###.#O##
#.#.#.....#.#..#
#...#..8..#.##.####
##....888...##....##
...#..8..#.###.#..#
....#.....#...†....#
#.#####.#####.###..#
.⌠ .... #.....#..#


You could see a two-headed ogre.

Vanquished Creatures
  An orc warrior (D:4)
  A sky beast (D:5)
  A necrophage (D:5)
  An ogre (D:4)
  A centaur (D:5)
  A centaur zombie (D:5)
  A hound (D:2)
  3 orc priests
  A jelly (D:4)
  Terence (D:2)
  2 iguanas (D:5)
  An orc wizard (D:3)
  A hound zombie (D:5)
  4 gnolls (D:3)
  8 adders
  3 worms (D:2)
  3 dart slugs
  9 orcs
  8 ball pythons
  5 bats
  5 endoplasms
  7 giant cockroaches
  6 goblins
  10 hobgoblins
  6 jackals
  3 quokkas
  A frilled lizard (D:1)
  13 kobolds
  8 rats
115 creatures vanquished.

Notes
Turn   | Place    | Note
-------+----------+-------------------------------------------
     0 | D:1      | a3don the Deep Elf Conjurer began the quest for the Orb.
     0 | D:1      | Reached XP level 1. HP: 10/10 MP: 6/6
   130 | D:1      | Reached XP level 2. HP: 15/15 MP: 5/8
   607 | D:1      | Found a faded altar of an unknown god.
   851 | D:1      | Reached XP level 3. HP: 19/19 MP: 6/9
  1407 | D:2      | Reached skill level 5 in Conjurations
  1535 | D:2      | Reached XP level 4. HP: 20/24 MP: 7/11
  1611 | D:2      | Noticed Terence
  1629 | D:2      | Killed Terence
  2643 | D:3      | Reached XP level 5. HP: 28/28 MP: 12/12
  2660 | D:2      | Reached skill level 1 in Slings
  3560 | D:3      | Reached XP level 6. HP: 17/32 MP: 14/14
  4238 | D:4      | Learned a level 4 spell: Iskenderun's Mystic Blast
  4259 | D:4      | Found a radiant altar of Vehumet.
  4265 | D:4      | Became a worshipper of Vehumet
  4288 | D:4      | Noticed an orc warrior
  4297 | D:4      | Reached skill level 6 in Conjurations
  4526 | D:4      | Reached skill level 1 in Translocations
  4587 | D:4      | Reached skill level 1 in Fighting
  4929 | D:4      | Found a staircase to the Ecumenical Temple.
  5534 | D:4      | Killed an orc warrior
  5535 | D:4      | Reached skill level 5 in Spellcasting
  5535 | D:4      | Reached XP level 7. HP: 38/38 MP: 0/16
  5844 | D:4      | Learned a level 2 spell: Searing Ray
  5879 | D:5      | Entered Level 5 of the Dungeon
  5934 | D:5      | Reached * piety under Vehumet
  5934 | D:5      | Offered knowledge of Sandblast by Vehumet.
  5937 | D:5      | Learned a level 1 spell: Sandblast
  6007 | D:5      | Reached skill level 1 in Earth Magic
  6437 | D:5      | Noticed a two-headed ogre
  6439 | D:5      | Reached skill level 1 in Bows
  6455 | D:5      | Mangled by a two-headed ogre

Illustrated notes

Levels and vault maps discovered:
D:1:      dpeg_arrival_arbitrary_a, layout_loops_cross,
          ebering_ecumenical_altar_abandoned, minivault_14
D:2:      layout_basic, minmay_pentomino_w4, uniq_terence
D:3:      layout_rooms
D:4:      layout_layer_cave, overflow_temple_1_default,
          minmay_temple_entry_mist, hangedman_decor_riveting
D:5:      layout_loops_ring, mainiacjoe_overflow_paths, serial_shops,
          kennysheep_little_box, minmay_chambers_of_fives,
          uniq_crazy_yiuf_cottage, uniq_pikel, uniq_eustachio

Skill      XL: |  1  2  3  4  5  6  7 |
---------------+----------------------+-----
Stealth        | 3 4 |  4.0
Dodging        | 3 4 |  4.6
Conjurations   | 5 6 |  6.5
Slings         | 1 2 |  2.4
Spellcasting   | 4 5 |  5.5
Translocations | 1 2 |  2.5
Fighting       | 1 2 |  2.0
Earth Magic    | 2 |  2.0
Bows           | 1 |  1.2

Action                   |  1- 3 |  4- 6 |  7- 9 || total
-------------------------+-------+-------+-------++-------
 Fire: Hunting sling     |    29 |   106 |    14 ||   149
 Cast: Magic Dart        |    60 |   145 |     3 ||   208
       Iskenderun's Myst |       |     6 |     2 ||     8
       Searing Ray       |       |       |    12 ||    12
Armor: Robe              |     1 |     5 |     3 ||     9
Dodge: Dodged            |     6 |    43 |    21 ||    70
       Repelled          |       |     1 |       ||     1

Table legend: (Time is in decaauts)
 A = Elapsed time spent in this place.
 B = Non-inter-level travel time spent in this place.
 C = Inter-level travel time spent in this place.
 D = Time resting spent in this place.
 E = Time spent auto-exploring this place.
 F = Levels seen in this place.
 G = Mean time per level.
                   A        B        C        D        E       F      G
               +--------+--------+--------+--------+--------+-----+--------+
         Total |   6478 |   6327 |    151 |   1910 |   3513 |   5 | 1295.6 |
       Dungeon |   6478 |   6327 |    151 |   1910 |   3513 |   5 | 1295.6 |
               +--------+--------+--------+--------+--------+-----+--------+

Top non-repeatable levels by time:
     D:2: 1899 daAuts
     D:4: 1522 daAuts
     D:1: 1290 daAuts
     D:3: 1189 daAuts
     D:5: 576 daAuts
